 Dungeon Crawl Stone Soup version 0.31.0 (webtiles) character file.

Game seed: 2354114883508774412

107 qw the Shooter (level 4, -1/28 HPs)
             Began as a Gargoyle Hunter on Jan 20, 2024.
             Slain by a gnoll
             ... wielding a +0 flail
              (6 damage)
             ... on level 3 of the Dungeon.
             The game lasted 00:00:06 (1792 turns).

qw the Shooter (Gargoyle Hunter)                    Turns: 1792, Time: 00:00:07

Health: -1/28      AC: 10    Str: 15    XL:     4   Next: 85%
Magic:  4/4        EV: 11    Int:  9    God:
Gold:   95         SH:  0    Dex: 15    Spells: 3/3 levels left

rFire   . . .        a - +0 shortbow (chaos)
rCold   . . .        (shield currently unavailable)
rNeg    + . .        d - +2 ring mail {rPois}
rPois   inf          (no helmet)
rElec   +            (no cloak)
rCorr   .            (no gloves)
SInv    .            (no boots)
Will    .....        (no amulet)
Stlth   +            (no ring)
HPRegen 0.24/turn    (no ring)
MPRegen 0.09/turn

%: no passive effects
@: no status effects
A: sickness immunity, AC +3, negative energy resistance 1, electricity
resistance, torment resistance 1, petrification resistance
a: no special abilities


You were on level 3 of the Dungeon.
You visited 1 branch of the dungeon, and saw 3 of its levels.

You collected 95 gold pieces.


Innate Abilities, Weirdness & Mutations

You are immune to sickness and miasma.
Your stone body is resilient. (AC +3)
You are immune to poison.
You resist negative energy. (rN+)
You are resistant to electric shocks. (rElec)
You are resistant to unholy torment.
You are immune to petrification.


   Skills:
 - Level 3.0 Fighting
 + Level 5.3 Ranged Weapons
 - Level 1.7 Armour
 - Level 1.5 Dodging
 - Level 1.1 Stealth


You had 3 spell levels left.
You didn't know any spells.
Your spell library was empty.

Inventory:

Hand Weapons
 a - a +0 shortbow of chaos (weapon)
Armour
 d - a +2 ring mail of poison resistance (worn)
 g - the +0 pair of boots of the Farmer {+Inv Stlth+}
   (You found it on level 3 of the Dungeon)

   +Inv:      It lets you turn invisible.
   Stlth+:    It makes you more stealthy.
Jewellery
 b - a +4 ring of protection
Scrolls
 c - a scroll of teleportation {unknown}
Potions
 e - a potion of curing {unknown}
 f - a potion of cancellation {unknown}

Dungeon Overview and Level Annotations

Branches:
Dungeon (3/15)

Altars:
Uskayaw


Message History

1744 ||| FLEEEEING.
You start resting.
HP restored.
Things that are here:
a +0 trident; a +0 ring mail You see here a +0 dagger of electrocution.
A kobold comes into view.
It is wielding a +0 short sword and quivering poisoned darts.
Found a stone staircase leading down.
You shoot an arrow. The arrow hits the kobold!
The arrow burns the kobold.
You kill the kobold!
f - a blue potion
Things that are here:
a +0 short sword; 3 poisoned darts; a kobold corpse
g - the +0 pair of boots of the Farmer {+Inv Stlth+} 3 gnolls come into view.
A gnoll is wielding a +2 halberd of venom.
The gnoll shouts! x2; You hear an angry hiss.
A bat comes into view.
The gnoll hits you from afar with a +2 halberd of venom!
Ouch! That really hurt!
The bat moves out of view.
Enter note:
Enter note:
1789 ||| RETREEEEATING.
The gnoll barely misses you.
A gnoll comes into view. It is wielding a +0 flail.
You shoot an arrow. The gnoll shouts! x2
The arrow hits the gnoll!
The arrow burns the gnoll.
The gnoll is severely wounded.
The gnoll hits you with a +2 halberd of venom!
You shoot an arrow. The arrow barely misses the gnoll.
The arrow hits the gnoll.
The arrow burns the gnoll.
You kill the gnoll!
The gnoll hits you with a +0 flail.
You shoot an arrow. The arrow closely misses the gnoll.
The arrow hits the gnoll!
Lightning courses through the gnoll!
You kill the gnoll!
The gnoll hits you with a +0 flail.
You die...

.)...# #.###.#.#####
#.#### #.#.....# #.##
##.#.....### #..##
#.)........# ....###
#.##.....#.# .¤¤¤.¤.
... #..>..#.#
~¤~¤~¤~~~.# ###.#.....
~.¤¤....~..####.###.##
~.~~¤.~.~.......@gg.#
~.~...~.~..####.##..#
~¤~._.~.. #.# .#
~.~...~ #.# # ~.~~~~~
#.# ~..¤¤.. ...
~~¤~¤¤~ ###


You could see 2 gnolls.

Vanquished Creatures
  Terence (D:3)
  2 gnolls (D:3)
  An adder (D:2)
  3 dart slugs
  2 ribbon worms
  3 endoplasms (D:3)
  3 giant cockroaches
  7 goblins
  2 hobgoblins (D:1)
  5 jackals (D:2)
  4 quokkas
  A ball python (D:1)
  8 bats
  3 frilled lizards
  5 kobolds
  3 rats
53 creatures vanquished.

Notes
Turn   | Place    | Note
-------+----------+-------------------------------------------
     0 | D:1      | qw the Gargoyle Hunter began the quest for the Orb.
     0 | D:1      | Reached XP level 1. HP: 12/12 MP: 1/1
     0 | D:1      | 0 ||| qw: Version: 0.3-a-132-g3d54051
     0 | D:1      | 0 ||| qw: Game counter: 502
     0 | D:1      | 0 ||| qw: Melee chars always use a shield: true
     0 | D:1      | 0 ||| qw: God list: Okawaru
     0 | D:1      | 0 ||| qw: Allow faded altars: false
     0 | D:1      | 0 ||| qw: Do Orc after clearing Dungeon:15 true
     0 | D:1      | 0 ||| qw: Do second Lair branch before Depths: true
     0 | D:1      | 0 ||| qw: Lair rune preference: random
     0 | D:1      | 0 ||| qw: Goals: Normal
     0 | D:1      | 0 ||| PLANNING D:1-11
   194 | D:1      | Reached XP level 2. HP: 13/17 MP: 2/2
   651 | D:1      | 651 ||| READING scroll labelled IFOCVAH ECUPNE.
   652 | D:1      | 652 ||| READING scroll labelled POVVUUCWUW.
   753 | D:1      | 753 ||| READING scroll labelled HUQAEH JAEROD.
   753 | D:1      | 753 ||| ENCHANTING +0 shortbow.
   754 | D:1      | 754 ||| READING scroll labelled SOD IXZIFUPEFU.
   754 | D:1      | 754 ||| BRANDING +0 shortbow.
   755 | D:1      | 755 ||| DROPPING scroll of butterflies.
   806 | D:2      | Reached XP level 3. HP: 21/21 MP: 3/3
   878 | D:2      | Reached skill level 5 in Ranged Weapons
   926 | D:2      | Found a faded altar of an unknown god.
   926 | D:2      | Noticed a golden eye
   943 | D:2      | Noticed a great orb of eyes
  1007 | D:2      | Reached skill level 3 in Fighting
  1141 | D:2      | Reached XP level 4. HP: 21/28 MP: 4/4
  1141 | D:2      | 1141 ||| FLEEEEING.
  1204 | D:2      | Noticed a shining eye
  1204 | D:2      | Noticed a shining eye
  1545 | D:2      | 1545 ||| UPGRADING to +2 ring mail of poison resistance.
  1555 | D:2      | 1555 ||| DROPPING +0 leather armour.
  1556 | D:2      | 1556 ||| READING scroll labelled RAEWKI TENEUFAE.
  1655 | D:3      | Found a hide-covered altar of Uskayaw.
  1729 | D:3      | Noticed Terence
  1734 | D:3      | Killed Terence
  1735 | D:3      | Reached skill level 1 in Armour
  1744 | D:3      | 1744 ||| FLEEEEING.
  1786 | D:3      | Identified the +0 pair of boots of the Farmer {+Inv Stlth+}
  1789 | D:3      | 1789 ||| RETREEEEATING.
  1791 | D:3      | HP: 5/28 [gnoll/+0 flail (3)]
  1792 | D:3      | Slain by a gnoll

Levels and vault maps discovered:
D:1:      minmay_arrival_four_houses, layout_loops_ring
D:2:      layout_basic, hellmonk_ecumenical_altar_watching_god
D:3:      layout_loops_ring, mainiacjoe_overflow_concentric_impassable,
          chequers_temple_overflow_statue_of_worship, uniq_terence

Skill      XL: |  1  2  3  4 |
---------------+-------------+-----
Ranged Weapons | 5 |  5.3
Fighting       | 3 |  3.0
Armour         | 1 |  1.7
Dodging        | |  1.5
Stealth        | |  1.1

Action                     |  1- 3 |  4- 6 || total
---------------------------+-------+-------++-------
   Fire: Shortbow          |    96 |    28 ||   124
    Use: Scroll            |     4 |     1 ||     5
 Armour: Leather armour    |    29 |       ||    29
         Ring mail         |       |     5 ||     5
  Dodge: Dodged            |    35 |    12 ||    47

Table legend:
 A = Non-vault XP
 B = Vault XP
 C = Vault XP percentage of total XP
 D = Non-vault monster count
 E = Vault monster count
 F = Vault count percentage of total count
                 A         B        C        D         E       F
            +---------+---------+-------+---------+---------+-------
      Total |     135 |      32 |  19.2 |      52 |       1 |   1.9
            +---------+---------+-------+---------+---------+-------
        D:1 |      22 |       0 |   0.0 |      14 |       0 |   0.0
        D:2 |      63 |       0 |   0.0 |      27 |       0 |   0.0
        D:3 |      50 |      32 |  39.0 |      11 |       1 |   8.3
            +---------+---------+-------+---------+---------+-------
